 Dungeon Crawl Stone Soup version 0.27.0-1-g7a089689b8 (webtiles) character file.

Game seed: 14449225151105832810

132 HaiZhung the Stinger (level 5, -5/35 HPs)
             Began as a Formicid Venom Mage on Aug 15, 2021.
             Slain by a wyvern zombie (11 damage)
             ... on level 6 of the Dungeon.
             The game lasted 00:40:50 (4744 turns).

HaiZhung the Stinger (Formicid Venom Mage)          Turns: 4744, Time: 00:40:51

Health: -5/35      AC:  5    Str: 13    XL:     5   Next: 38%
Magic:  3/10       EV: 11    Int: 15    God:
Gold:   161        SH:  0    Dex: 11    Spells: 1/11 levels left

rFire    + . .     SeeInvis +   r - +2 dagger (vamp)
rCold    . . .     Faith    .   (no shield)
rNeg     . . .     Spirit   .   l - +0 leather armour
rPois    .         Reflect  .   (helmet unavailable)
rElec    .         Harm     .   b - +0 cloak
rCorr    .         Rampage  .   (no gloves)
Will     .....                  w - +0 pair of boots
Stlth    ++........             (no amulet)
HPRegen  0.11/turn              u - ring of protection from fire
MPRegen  0.12/turn              (no ring)

@: no status effects
A: permanent stasis, dig shafts and tunnels, antennae 3, four strong arms
a: Dig, Shaft Self


You were on level 6 of the Dungeon.
You visited 1 branch of the dungeon, and saw 5 of its levels.

You collected 161 gold pieces.

Inventory:

Hand Weapons
 r - a +2 vampiric dagger (weapon)
Missiles
 c - 62 stones (quivered)
 g - 27 poisoned darts
Armour
 a - a +0 robe
 b - a +0 cloak (worn)
 l - a +0 leather armour (worn)
 w - a +0 pair of boots (worn)
Jewellery
 u - a ring of protection from fire (left hand)
Scrolls
 d - 5 scrolls of teleportation
 f - 2 scrolls of identify
 i - a scroll of summoning {unknown}
 j - a scroll of enchant armour {unknown}
 n - a scroll of blinking {unknown}
 p - a scroll of amnesia {unknown}
 q - 2 scrolls of magic mapping {unknown}
 s - a scroll of enchant weapon {unknown}
 t - a scroll of acquirement {unknown}
Potions
 e - a potion of curing {unknown}
 h - a potion of berserk rage {unknown}
 k - 2 potions of might
 m - a potion of degeneration {unknown}
 o - a potion of invisibility {unknown}
 v - a potion of heal wounds {unknown}


   Skills:
 - Level 0.1 Throwing
 - Level 1.8 Dodging
 - Level 2.9 Stealth
 + Level 3.7 Spellcasting
 - Level 1.2 Transmutations
 + Level 5.9 Poison Magic


You had one spell level left.
You knew the following spells:

 Your Spells              Type           Power      Damage    Failure   Level
a - Sting                 Tmut/Pois      52%        1d5       5%          1
b - Poisonous Vapours     Pois/Air       22%        N/A       11%         2
c - Mephitic Cloud        Conj/Pois/Air  8%         N/A       30%         3
d - Olgreb's Toxic Radia  Pois           20%        N/A       21%         4

Your spell library contained the following spells:

 Spells                   Type           Power      Damage    Failure   Level
 Animate Skeleton         Necr           4%         N/A       24%         1
 Pain                     Necr           8%         1d4       24%         1
 Corpse Rot               Necr/Air       N/A        N/A       34%         2
 Call Canine Familiar     Summ           2%         N/A       56%         3
 Portal Projectile        Hex/Tloc       4%         N/A       56%         3
 Vampiric Draining        Necr           1%         2d6       56%         3
 Leda's Liquefaction      Hex/Erth       1%         N/A       93%         4
 Freezing Cloud           Conj/Ice/Air   1%         6-21      100%        5


Dungeon Overview and Level Annotations

Branches:
Dungeon (4/15)
 Temple: D:4-7

Altars:
Elyvilon
Uskayaw
Wu Jian
Yredelemnul

Annotations:
D:4 Blork the orc


Innate Abilities, Weirdness & Mutations

You cannot be hasted, slowed, berserked, paralysed or teleported.
You can dig through walls and to a lower floor.
You have a pair of large antennae on your head. (SInv)
Your four strong arms can wield two-handed weapons with a shield.


Message History

* * * LOW HITPOINT WARNING * * *
Are you sure you want to shaft yourself?
Blork the orc casts a spell at you. The puff of flame hits you. You resist.
* * * LOW HITPOINT WARNING * * *
You begin to dig a shaft.
You continue digging a shaft.
Blork the orc looks braver for a moment.
Blork the orc hits you with a +0 dire flail.
* * * LOW HITPOINT WARNING * * *
A shaft appears beneath you!
You fall into a shaft and drop 2 floors!
The shaft crumbles and collapses.
A wyvern zombie comes into view.
Casting: Sting (safe; 5% risk of failure)
Confirm with . or Enter, or press ? or * to list all spells.
You can't see any susceptible monsters within range! (Use Z to cast anyway.)
A centaur skeleton comes into view.
As you read the scroll of identify, it crumbles to dust.
d - 5 scrolls of teleportation You extend your mandibles.
You dig through the rock wall.
You dig through the rock wall.
Casting: Sting (safe; 5% risk of failure)
Confirm with . or Enter, or press ? or * to list all spells.
You can't see any susceptible monsters within range! (Use Z to cast anyway.)
Casting: Sting (safe; 5% risk of failure)
Confirm with . or Enter, or press ? or * to list all spells.
Aiming: Sting (safe; 5% risk of failure)
Press: ? - help, Shift-Dir - straight line, f - wyvern zombie
Aim: a wyvern zombie (90% to hit)
The sting hits the wyvern zombie but does no damage.
You are too injured to fight recklessly!
You retract your mandibles.
You hit the wyvern zombie but do no damage.
The wyvern zombie barely misses you. The wyvern zombie closely misses you.
Okay, then.
You hit the wyvern zombie.
The wyvern zombie is lightly damaged.
The wyvern zombie bites you!
You die...

#.# #.# #.#
#.# #Z#
##.#######.#
#.......##.###
....##.##ZZ@#
#......###
#.#.#### #.#.#
. #.# .. ..#
## ###


You could see a wyvern zombie and a centaur skeleton.

Vanquished Creatures
  3 adders
  2 worms
  5 dart slugs
  6 orcs
  4 ball pythons
  6 bats
  9 endoplasms
  5 giant cockroaches
  4 goblins
  5 hobgoblins
  5 jackals
  4 quokkas
  3 frilled lizards (D:1)
  8 kobolds
  6 rats
75 creatures vanquished.

Notes
Turn   | Place    | Note
-------+----------+-------------------------------------------
     0 | D:1      | HaiZhung the Formicid Venom Mage began the quest for the
                  | Orb.
     0 | D:1      | Reached XP level 1. HP: 13/13 MP: 3/3
   412 | D:1      | Reached XP level 2. HP: 19/19 MP: 3/5
   415 | D:1      | Learned a level 2 spell: Poisonous Vapours
   768 | D:1      | Reached XP level 3. HP: 24/24 MP: 3/6
   772 | D:1      | Learned a level 3 spell: Mephitic Cloud
  1653 | D:1      | Reached skill level 5 in Poison Magic
  2115 | D:2      | Reached XP level 4. HP: 18/30 MP: 5/8
  2417 | D:2      | Found an ornate altar of the Wu Jian Council.
  2523 | D:2      | Found a faded altar of an unknown god.
  2538 | D:2      | Became a worshipper of Elyvilon the Healer
  2538 | D:2      | Reached * piety under Elyvilon
  2756 | D:2      | Fell from the grace of Elyvilon
  3291 | D:3      | Reached XP level 5. HP: 32/35 MP: 5/10
  3645 | D:3      | Learned a level 4 spell: Olgreb's Toxic Radiance
  4375 | D:3      | Found a basalt altar of Yredelemnul.
  4681 | D:4      | Found a hide-covered altar of Uskayaw.
  4721 | D:4      | Noticed Blork the orc
  4735 | D:4      | You fall into a shaft and drop 2 floors!
  4744 | D:6      | Slain by a wyvern zombie

Illustrated notes

Levels and vault maps discovered:
D:1:      nagdon_arrival_double_spiral, layout_basic, minmay_indecisive_spiral
D:2:      layout_basic, basic_altar, shapermc_ecumenical_altar_mp_highgroup,
          kennysheep_decorative_pillar
D:3:      wander_river, layout_loops_corners, lemuel_doored_altar
D:4:      layout_rooms, nicolae_uskayaw_murder_on_the_dancefloor,
          serial_corexii_hall, chequers_hall_statues_y, corexii_hall_statues_i,
          chequers_hall_statues_corner_a, chequers_hall_statues_wall_a,
          lemuel_flame_loot_1, uniq_blork_the_orc
D:6:      layout_loops_corners, serial_shops, nicolae_stop_n_shop_1

Skill      XL: |  1  2  3  4 |
---------------+-------------+-----
Poison Magic   | 5 |  5.9
Spellcasting   | 3 |  3.7
Throwing       | |  0.1
Dodging        | |  1.8
Stealth        | |  2.9
Transmutations | |  1.2

Action                   |  1- 3 |  4- 6 || total
-------------------------+-------+-------++-------
Melee: Mace              |    12 |       ||    12
       Short sword       |    31 |       ||    31
       Dagger            |     6 |    86 ||    92
Throw: Stone             |    49 |    27 ||    76
 Cast: Sting             |    19 |    25 ||    44
       Poisonous Vapours |    19 |    40 ||    59
Invok: Renounce Religion |       |     1 ||     1
 Abil: Dig               |       |     1 ||     1
       Shaft Self        |       |     1 ||     1
  Use: Scroll            |     1 |     1 ||     2
 Stab: Sleeping          |     2 |     1 ||     3
Armor: Robe              |     2 |       ||     2
       Leather armour    |     7 |    17 ||    24
Dodge: Dodged            |    31 |    47 ||    78
